 Dungeon Crawl Stone Soup version 0.27.0-66-gdc8fb28755 (webtiles) character file.

Game seed: 4657500409880378559

885 Spectrina the Covert (level 7, 0/35 HPs)
             Began as a Vampire Delver on Aug 20, 2021.
             Was a Follower of Hepliaklqana.
             Slain by a gnoll (15 damage)
             ... on level 6 of the Dungeon.
             The game lasted 00:12:43 (830 turns).

Spectrina the Covert (Vampire Delver)                Turns: 830, Time: 00:12:43

Health: 0/35       AC:  3    Str: 17    XL:     7   Next: 76%
Magic:  8/8        EV: 12    Int: 12    God:    Hepliaklqana [*.....]
Gold:   132        SH:  0    Dex: 18    Spells: 6/6 levels left

rFire    + . .     SeeInvis +   p - +1 dagger (distort)
rCold    + . .     Faith    .   (no shield)
rNeg     + + +     Spirit   .   b - +0 leather armour
rPois    ∞         Reflect  .   (no helmet)
rElec    .         Harm     .   (no cloak)
rCorr    .         Rampage  .   (no gloves)
Will     .....                  (no boots)
Stlth    ++++++++..             q - amulet of regeneration
HPRegen  0.00/turn              m - ring of fire
MPRegen  0.11/turn              r - +6 ring of strength

@: bloodless, inhibited regen
A: bloodless, reduced essence, fangs 3, see invisible, vampiric 2
a: Bat Form, Revivify, Renounce Religion, Recall Ancestor, Ancestor Identity


You were on level 6 of the Dungeon.
You worshipped Hepliaklqana.
Hepliaklqana was aware of your devotion.
You visited 2 branches of the dungeon, and saw 5 of its levels.
You visited the Abyss 1 time.

You collected 132 gold pieces.

Inventory:

Hand Weapons
 a - a +0 short sword
 j - a +0 dagger
 k - a +0 long sword
 p - a +1 dagger of distortion (weapon)
Missiles
 i - 69 arrows
 l - 66 stones (quivered)
Armour
 b - a +0 leather armour (worn)
Jewellery
 m - a ring of fire (left hand)
 q - an amulet of regeneration (around neck)
 r - a +6 ring of strength (right hand)
Wands
 g - a wand of digging (3)
Scrolls
 c - a scroll of fog
 d - a scroll of magic mapping
 e - a scroll of fear
Potions
 f - a potion of haste


   Skills:
 - Level 2.6 Fighting
 + Level 3.1 Short Blades
 - Level 2.1 Dodging
 + Level 14.0 Stealth
 + Level 1.5 Invocations


You had 6 spell levels left.
You didn't know any spells.
Your spell library contained the following spells:

 Spells                   Type           Power      Damage    Failure   Level
 Blink                    Tloc           N/A        N/A       52%         2
 Lesser Beckoning         Tloc           0%         N/A       77%         3
 Manifold Assault         Tloc           0%         N/A       100%        5


Dungeon Overview and Level Annotations

Branches:
Dungeon (7/15)             Temple (1/1) D:5

Altars:
Ashenzari
Elyvilon
Gozag
Hepliaklqana
Kikubaaqudgha
Nemelex Xobeh
Okawaru
Ru
Trog
Uskayaw
Wu Jian
Xom
Yredelemnul
The Shining One

Portals:
Abyss: D:6

Annotations:
D:4 Ijyb, Natasha
D:5 Dowan, Duvessa
D:6 bronco's ghost, novice SpGl


Innate Abilities, Weirdness & Mutations

You do not regenerate when monsters are visible.
You are frail without blood (-20% HP).
You can heal yourself when you bite living creatures.
You are immune to poison.
Your life essence is reduced to manifest your ancestor. (-10% HP)
You have razor-sharp teeth.
You have supernaturally acute eyesight. (SInv)
You are afflicted with vampirism and can become a bat while bloodless.


Message History

The gnoll shaman is moderately wounded.
The gnoll hits you from afar with a +0 halberd!
The gnoll closely misses you.
The gnoll shaman hits you with a +0 club.
The gnoll hits gat with a +0 flail!
Gat hits the gnoll.
The gnoll shaman calls down the wrath of its god upon you.
You easily resist.
You barely miss the gnoll. You bite the gnoll, but do no damage.
The gnoll is heavily wounded.
The gnoll hits you from afar with a +0 halberd.
The gnoll hits gat with a +0 spear!
Unknown command.
You barely miss the gnoll shaman.
The gnoll shaman is moderately wounded.
An orc warrior comes into view. It is wielding a +0 mace.
Gat hits the gnoll shaman.
The gnoll closely misses gat.
The gnoll closely misses you.
You hit the gnoll shaman but do no damage.
The gnoll shaman is heavily wounded.
The gnoll hits gat with a +0 spear.
Gat hits the gnoll shaman but does no damage.
The gnoll shaman barely misses you.
Unknown command.
You hit the gnoll shaman but do no damage.
The gnoll shaman is heavily wounded.
The gnoll shaman blinks!
The gnoll hits you but does no damage.
The gnoll hits gat with a +0 spear!
Unknown command.
You hit the gnoll but do no damage. You bite the gnoll!
You kill the gnoll!
The orc wizard gestures wildly while chanting.
The orc wizard flickers and vanishes for a moment.
The gnoll hits you from afar with a +0 halberd.
Unknown command.
The gnoll shaman calls upon its god to speed up the gnoll.
The gnoll seems to speed up.
Gat hits the gnoll shaman.
The gnoll hits you from afar with a +0 halberd!
You die...

..#..........#......#. .....#
#...........#........##......
............#...............
..................R.......
...........##.#..g......#
........##..............##
........##..........g)o..#
........# #.........##..(.o..
....)...# #....@.g..####....
.......## #.........#### ...
#...##)#####..)......!..#. .
..####).....................
.....##)..................#.
.........##............####
..##......#..............#
..##......................
..##.#...#.................


You could see the friendly gat the ancestor, an orc warrior, a gnoll shaman
(ally target) and 2 gnolls.

Vanquished Creatures
  4 vampire mosquitoes (D:6)
  2 kobold brigands (D:6)
  A wyvern zombie (D:6)
  A crimson imp (D:5)
  A hound (D:5)
  A small abomination (Abyss:1)
  2 gnolls (D:6)
  4 adders
  2 orcs
  A quokka (D:5)
  2 goblin skeletons (D:5)
  2 goblin zombies (D:5)
  2 hobgoblin zombies (D:5)
  4 kobolds (D:6)
  A kobold skeleton (D:5)
  An orc zombie (D:5)
31 creatures vanquished.

Vanquished Creatures (others)
  An ancestor (D:6)
1 creature vanquished.

Grand Total: 32 creatures vanquished

Notes
Turn   | Place    | Note
-------+----------+-------------------------------------------
     0 | D:5      | Spectrina the Vampire Delver began the quest for the Orb.
     0 | D:5      | Reached XP level 1. HP: 17/17 MP: 1/1
    40 | D:4      | Noticed Ijyb
    40 | D:4      | Noticed Natasha
    40 | D:4      | Noticed an orc wizard
    40 | D:4      | Noticed an orc wizard
    64 | D:5      | Noticed a crimson imp
    71 | D:5      | Killed a crimson imp
    72 | D:5      | Reached skill level 8 in Stealth
    72 | D:5      | Reached XP level 2. HP: 13/18 MP: 2/2
    72 | D:5      | Gained mutation: You are afflicted with vampirism and can
                  | become a bat while bloodless. [Vampire growth]
    72 | D:5      | Reached XP level 3. HP: 16/22 MP: 3/3
    87 | D:5      | Reached skill level 9 in Stealth
   271 | D:5      | Reached XP level 4. HP: 14/27 MP: 4/4
   275 | D:5      | Found a staircase to the Ecumenical Temple.
   282 | Temple   | Entered the Ecumenical Temple
   289 | Temple   | Became a worshipper of Hepliaklqana the Forgotten
   345 | D:5      | Noticed Duvessa
   345 | D:5      | Noticed Dowan
   372 | D:5      | Noticed a scorpion
   397 | D:6      | Reached skill level 10 in Stealth
   414 | D:6      | Noticed a vampire mosquito
   418 | D:6      | Noticed a vampire mosquito
   418 | D:6      | Noticed a vampire mosquito
   420 | D:6      | Killed a vampire mosquito
   421 | D:6      | Reached skill level 11 in Stealth
   421 | D:6      | Reached XP level 5. HP: 27/31 MP: 5/5
   421 | D:6      | Noticed a vampire mosquito
   424 | D:6      | Killed a vampire mosquito
   425 | D:6      | Reached skill level 12 in Stealth
   425 | D:6      | Reached XP level 6. HP: 31/36 MP: 6/6
   426 | D:6      | Killed a vampire mosquito
   427 | D:6      | Killed a vampire mosquito
   428 | D:6      | Reached skill level 13 in Stealth
   428 | D:6      | Reached XP level 7. HP: 35/40 MP: 7/7
   454 | D:6      | Noticed a toenail golem
   466 | D:6      | Found a transporter.
   477 | D:6      | Found a one-way gate to the infinite horrors of the Abyss.
   477 | D:6      | Noticed bronco's ghost (novice SpGl)
   486 | D:6      | Found a transporter.
   521 | D:6      | Voluntarily entered the Abyss.
   612 | Abyss:1  | Noticed a tentacled starspawn
   612 | Abyss:1  | Noticed a large abomination
   630 | Abyss:1  | Noticed a tentacled starspawn
   631 | Abyss:1  | Noticed a vampire mage
   640 | Abyss:1  | Noticed a large abomination
   686 | D:6      | Escaped the Abyss
   721 | D:7      | Reached * piety under Hepliaklqana
   757 | D:6      | Reached skill level 1 in Invocations
   786 | D:6      | Reached skill level 14 in Stealth
   830 | D:6      | Slain by a gnoll

Illustrated notes

Levels and vault maps discovered:
D:4:      layout_rooms, amcnicky_altar_gilded, serial_bayou,
          serial_bayou_shore_b, serial_bayou_pond_b, serial_bayou_lagoon_a,
          serial_bayou_pond_a, serial_bayou_pond_a, serial_bayou_pond_b,
          minmay_pentangle, uniq_ijyb, uniq_natasha, uniq_menkaure,
          uniq_blork_the_orc
D:5:      layout_gridville, elyvilon_altar_4, nicolae_tso_besieged_by_evil,
          temple_green, uniq_duvessa
D:6:      layout_cave_pools, fedhas_bush_and_centaur_altar,
          gammafunk_ghost_abyssal_escape
D:7:      minmay_the_grid_octo_tiled_octocenter [minmay_the_grid_octo_chip,
          minmay_the_grid_octo_teeth, minmay_the_grid_octo_pinwheel,
          minmay_the_grid_octo_fat_diamond,
          minmay_the_grid_octo_prize_single_spiral,
          minmay_the_grid_square_5x5_half_checkered,
          minmay_the_grid_square_5x5_intrusive_squares,
          minmay_the_grid_square_5x5_lines, minmay_the_grid_square_5x5_spiral],
          layout_gridville, ebering_dispersal_statue_hall,
          chequers_serial_rivers_small_a
Temple:   nicolae_temple_no_exploring_needed

Skill      XL: |  1  2  3  4  5  6  7 |
---------------+----------------------+-----
Stealth        | 8 9 11 12 13 14 | 14.0
Invocations    | 1 |  1.5
Short Blades   | 3 |  3.1
Fighting       | |  2.6
Dodging        | |  2.1

Action                   |  1- 3 |  4- 6 |  7- 9 || total
-------------------------+-------+-------+-------++-------
Melee: Short sword       |    22 |     5 |     5 ||    32
       Bite              |     3 |       |     5 ||     8
       Long sword        |     4 |       |       ||     4
       Dagger            |       |       |    32 ||    32
Throw: Stone             |       |       |     2 ||     2
Invok: Ancestor Identity |       |       |     1 ||     1
 Abil: Exsanguinate      |     1 |       |       ||     1
  Use: Scroll            |       |     1 |       ||     1
       Potion            |       |       |     3 ||     3
 Stab: Sleeping          |    10 |     5 |     5 ||    20
Armor: Leather armour    |     3 |       |     5 ||     8
Dodge: Dodged            |     8 |       |    13 ||    21
